 Dungeon Crawl Stone Soup version 0.29-a0-243-g602b31c20e (webtiles) character file.

Game seed: 13505113503814531809

921 gruber the Archer (level 8, -1/44 HPs)
             Began as a Tengu Hunter on Mar 5, 2022.
             Slain by a gnoll
             ... wielding a +0 club
              (3 damage)
             ... on level 5 of the Dungeon.
             The game lasted 00:05:22 (5131 turns).

gruber the Archer (Tengu Hunter)                    Turns: 5131, Time: 00:05:23

Health: -1/44      AC:  4    Str: 11 (12) XL:     8   Next: 10%
Magic:  9/9        EV: 14    Int:  9 (12) God:
Gold:   232        SH:  0    Dex: 15 (17) Spells: 7/7 levels left

rFire   + . .      SeeInvis .   a - +1 shortbow
rCold   + . .      Faith    .   (shield currently unavailable)
rNeg    . . .      Spirit   .   b - +0 leather armour
rPois   +          Reflect  .   (helmet restricted)
rElec   +          Harm     .   (no cloak)
rCorr   +          Rampage  .   x - +0 pair of gloves
Will    .....                   (boots unavailable)
Stlth   +.........              (no amulet)
HPRegen 0.14/turn               (no ring)
MPRegen 0.11/turn               (no ring)

@: mighty, brilliant, resistant, attractive, flying quickly and evasively, quick
A: beak, talons 3, nimble flight
a: no special abilities


You were on level 5 of the Dungeon.
You visited 1 branch of the dungeon, and saw 5 of its levels.

You collected 232 gold pieces.

Inventory:

Hand Weapons
 a - a +1 shortbow (weapon)
 l - a +2 short sword of speed
 o - the +8 battleaxe "Hopronus" {vorpal, Drain Dex+6}
   (You found it on level 2 of the Dungeon)

   It inflicts extra damage upon your enemies.
   Dex:       It affects your dexterity (+6).
   Drain:     It drains your maximum health when unequipped.
Missiles
 w - a throwing net
Armour
 b - a +0 leather armour (worn)
 j - a +0 robe of the Archmagi
 x - a +0 pair of gloves (worn)
Wands
 s - a wand of flame (22)
Scrolls
 d - a scroll of immolation {unknown}
 e - 3 scrolls of identify {unknown}
 f - a scroll of holy word {unknown}
 g - 2 scrolls of summoning {unknown}
 p - 2 scrolls of acquirement {unknown}
 q - a scroll of fog {unknown}
 r - a scroll of noise {unknown}
 t - a scroll of brand weapon {unknown}
 y - a scroll of enchant weapon {unknown}
 A - a scroll of amnesia {unknown}
Potions
 c - a potion of degeneration
 h - 3 potions of haste
 i - a potion of resistance
 k - a potion of magic
 v - a potion of curing


   Skills:
 - Level 2.0 Fighting
 + Level 10.8 Bows
 - Level 2.1 Dodging
 - Level 1.0 Stealth


You had 7 spell levels left.
You didn't know any spells.
Your spell library contained the following spells:

 Spells                   Type           Power      Damage    Failure   Level
 Ignite Poison            Fire/Tmut/Pois 0%         N/A       85%         3
 Mephitic Cloud           Conj/Pois/Air  0%         N/A       85%         3
 Fireball                 Conj/Fire      0%         3d3       100%        5
 Freezing Cloud           Conj/Ice/Air   0%         6-21      100%        5
 Iskenderun's Battlesphe  Conj           0%         2d6       100%        5
 Conjure Ball Lightning   Conj/Air       0%         3x3d6     100%        6
 Orb of Destruction       Conj           0%         9d5       100%        7


Dungeon Overview and Level Annotations

Branches:
Dungeon (5/15)
 Temple: D:4-7

Altars:
Elyvilon
Kikubaaqudgha
Makhleb
Vehumet

Annotations:
D:3 3 runed translucent doors, yegreS's ghost, weakling DDGl


Innate Abilities, Weirdness & Mutations

You have a beak for a mouth.
You have claws for feet.
Your magical nature lets you fly swiftly and evasively.


Message History

Shoot: a) +1 shortbow
Press: ? - help, Q - select action, (/) - cycle Shift-Dir - straight line, f/p - gnoll
Aim: a gnoll, wielding a +0 whip (fast, 69% to hit)
You shoot an arrow.
The arrow closely misses the gnoll shaman.
The arrow hits the gnoll!
The gnoll is severely wounded.
The gnoll shaman hits you with a +0 whip.
* * * LOW HITPOINT WARNING * * *
Shoot: a) +1 shortbow
Press: ? - help, Q - select action, (/) - cycle Shift-Dir - straight line, f/p - gnoll
Aim: a gnoll, wielding a +0 whip (severely wounded, fast, 69% to hit)
You shoot an arrow. The arrow hits the gnoll shaman.
You kill the gnoll shaman!
Shoot: a) +1 shortbow
Press: ? - help, Q - select action, (/) - cycle Shift-Dir - straight line, f/p - gnoll
Aim: a gnoll, wielding a +0 whip (severely wounded, fast, 69% to hit)
You shoot an arrow.
The arrow hits the gnoll but does no damage.
The gnoll is severely wounded.
The gnoll hits you with a +0 whip.
* * * LOW HITPOINT WARNING * * *
The gnoll misses you.
Shoot: a) +1 shortbow
Press: ? - help, Q - select action, (/) - cycle Shift-Dir - straight line, f/p - gnoll
Aim: a gnoll, wielding a +0 whip (severely wounded, fast, 69% to hit)
You shoot an arrow. The arrow hits the gnoll!
You kill the gnoll!
Shoot: a) +1 shortbow
Press: ? - help, Q - select action, (/) - cycle Shift-Dir - straight line, f - gnoll
Aim: a gnoll, wielding a +0 club (69% to hit)
You shoot an arrow. The arrow barely misses the gnoll.
The gnoll closely misses you.
Shoot: a) +1 shortbow
Press: ? - help, Q - select action, (/) - cycle Shift-Dir - straight line, f/p - gnoll
Aim: a gnoll, wielding a +0 club (69% to hit)
You shoot an arrow. The arrow hits the gnoll.
The gnoll is moderately wounded.
The gnoll hits you with a +0 club.
You die...

## #..#
#....# #
...
##..#.##
# ...
#..###.#
.. ..
##..#
### ...
# #..##
### #..#
# ##.##
#g## #@#
###


You could see a gnoll.

Vanquished Creatures
  An ogre (D:4)
  2 phantoms (D:4)
  2 necrophages
  2 scorpions (D:5)
  A gnoll shaman (D:5)
  2 hounds
  2 orc priests (D:4)
  Jessica (D:3)
  An iguana (D:5)
  10 gnolls
  8 adders
  2 worms (D:2)
  3 dart slugs
  7 orcs
  5 endoplasms
  4 giant cockroaches
  7 goblins
  2 hobgoblins (D:2)
  2 jackals (D:3)
  3 kobolds
  3 quokkas
  5 ball pythons
  6 bats
  2 frilled lizards (D:2)
  4 rats
87 creatures vanquished.

Notes
Turn   | Place    | Note
-------+----------+-------------------------------------------
     0 | D:1      | gruber the Tengu Hunter began the quest for the Orb.
     0 | D:1      | Reached XP level 1. HP: 12/12 MP: 2/2
    94 | D:1      | Found a faded altar of an unknown god.
   334 | D:1      | Reached XP level 2. HP: 14/17 MP: 3/3
   425 | D:1      | Reached skill level 5 in Bows
  1121 | D:2      | Reached XP level 3. HP: 21/21 MP: 4/4
  1127 | D:2      | Identified the +8 battleaxe "Hopronus" {vorpal, Drain
                  | Dex+6}
  1528 | D:2      | Reached skill level 6 in Bows
  1532 | D:2      | Reached XP level 4. HP: 26/26 MP: 5/5
  1740 | D:2      | Noticed a necrophage
  1758 | D:1      | Killed a necrophage
  1759 | D:1      | Reached skill level 7 in Bows
  1759 | D:1      | Gained mutation: Your magical nature lets you fly swiftly
                  | and evasively. [Tengu growth]
  1759 | D:1      | Reached XP level 5. HP: 20/30 MP: 6/6
  2482 | D:3      | Found a radiant altar of Vehumet.
  2517 | D:3      | Noticed Jessica
  2524 | D:3      | Killed Jessica
  2978 | D:3      | Reached XP level 6. HP: 35/35 MP: 7/7
  3034 | D:3      | Found a runed translucent gate.
  3034 | D:3      | Found a runed translucent gate.
  3038 | D:3      | Found a runed translucent gate.
  3040 | D:3      | Noticed yegreS's ghost (weakling DDGl)
  3049 | D:3      | Reached skill level 8 in Bows
  4094 | D:4      | Reached skill level 9 in Bows
  4094 | D:4      | Reached XP level 7. HP: 38/40 MP: 8/8
  4325 | D:4      | Found an ancient bone altar of Kikubaaqudgha.
  4368 | D:4      | Found a burning altar of Makhleb.
  4454 | D:4      | Found a white marble altar of Elyvilon.
  4599 | D:5      | Entered Level 5 of the Dungeon
  4708 | D:5      | Reached skill level 10 in Bows
  5024 | D:5      | HP: 2/40 [poisoned by a scorpion]
  5048 | D:5      | Reached XP level 8. HP: 3/44 MP: 9/9
  5128 | D:5      | HP: 1/44 [gnoll/+0 whip (4)]
  5131 | D:5      | Slain by a gnoll

Illustrated notes

Levels and vault maps discovered:
D:1:      grunt_arrival_lava_bath, layout_basic,
          ebering_ecumenical_altar_petrified
D:2:      layout_loops_ring
D:3:      layout_basic, vehumet_altar_wand_db, gammafunk_ghost_necromancy,
          uniq_jessica
D:4:      layout_cave_pools, kiku_gazebo_garden_becter, elyvilon_altar_4,
          nicolae_overflow_crystal_walls, kennysheep_small_spiral,
          grunt_decor_cap
D:5:      layout_layer_cave

Skill      XL: |  1  2  3  4  5  6  7 |
---------------+----------------------+-----
Bows           | 5 6 7 9 10 | 10.8
Fighting       | |  2.0
Dodging        | |  2.1
Stealth        | |  1.0

Action                   |  1- 3 |  4- 6 |  7- 9 || total
-------------------------+-------+-------+-------++-------
 Fire: Shortbow          |    75 |   191 |   101 ||   367
  Use: Potion            |       |       |    11 ||    11
Armor: Leather armour    |     6 |    13 |     3 ||    22
Dodge: Dodged            |    14 |    71 |    28 ||   113

Table legend: (Time is in decaauts)
 A = Elapsed time spent in this place.
 B = Non-inter-level travel time spent in this place.
 C = Inter-level travel time spent in this place.
 D = Time resting spent in this place.
 E = Time spent auto-exploring this place.
 F = Levels seen in this place.
 G = Mean time per level.
                   A        B        C        D        E       F      G
               +--------+--------+--------+--------+--------+-----+--------+
         Total |   4989 |   4754 |    235 |      3 |   3961 |   5 |  997.8 |
       Dungeon |   4989 |   4754 |    235 |      3 |   3961 |   5 |  997.8 |
               +--------+--------+--------+--------+--------+-----+--------+

Top non-repeatable levels by time:
     D:1: 1292 daAuts
     D:3: 1267 daAuts
     D:2: 1131 daAuts
     D:4: 846 daAuts
     D:5: 452 daAuts
